Map: Oceanborn LE

Players

SubN - Winner!

  • Race: Zerg Zerg
  • League: Diamond
  • Spawn Location: 11:00

Diomedes

  • Race: Terran Terran
  • League: Platinum
  • Spawn Location: 5:00

VOD

Have the link to the VOD?

Description

Time

  • Played on: Dec. 21, 2023, 9:51 p.m.
  • Length: 13:15
Show
View Real Time Build Order
Export as new Build Order

SubN Zerg - Winner!

Build Orders: Hatch First 

Get SALT Encoding   

  12  0:00  Drone  
  13  0:12  Overlord  
  13  0:19  Drone  
  14  0:30  Drone x2  
  16  0:50  Hatchery  
  16  0:53  Drone  
  16  0:56  Drone  
  17  0:59  Drone  
  17  1:03  Extractor  
  17  1:15  Spawning Pool  
  16  1:18  Drone  
  16  1:22  Drone  
  18  1:27  Drone  
  19  1:38  Drone  
  20  1:49  Overlord  
  20  2:14  Spine Crawler  
  19  2:19  Spine Crawler, Queen  
  20  2:27  Queen  
  20  2:29  Zergling x8  
  27  2:30  Zergling x2  
  23  3:22  Drone x3, Metabolic Boost  
  24  3:44  Drone x3  
  24  3:46  Queen  
  29  3:53  Lair  
  29  3:56  Extractor  
  28  4:31  Drone x3  
  29  4:45  Spine Crawler  
  28  4:52  Spine Crawler  
  27  4:55  Drone x3, Roach Warren  
  27  4:56  Drone x3  
  27  4:57  Drone  
  33  5:03  Queen  
  35  5:25  Drone  
  35  5:27  Overlord x3  
  36  5:50  Roach x5  
  36  5:51  Roach x2  
  50  6:04  Drone  
  50  6:09  Roach x4  
  59  6:31  Zergling x2  
  60  6:33  Overlord x3  
  60  6:46  Hatchery  
  51  7:09  Spore Crawler x2  
  51  7:14  Queen, Spore Crawler x2  
  49  7:15  Queen  
  51  7:23  Drone x6  
  54  7:49  Zergling x4  
  54  7:50  Zergling x4  
  58  7:57  Glial Reconstitution  
  57  8:04  Queen  
  59  8:06  Drone x6  
  59  8:09  Extractor  
  59  8:10  Ravager x7  
  71  8:13  Overseer  
  71  8:16  Roach x3  
  77  8:22  Drone x3  
  80  8:37  Drone x2  
  80  8:38  Drone x3  
  86  8:41  Drone x2  
  86  8:46  Drone  
  88  8:48  Evolution Chamber x2  
  88  8:52  Hydralisk Den  
  85  8:56  Overlord x3  
  81  9:25  Drone x4  
  81  9:29  Extractor  
  81  9:30  Drone x9  
  93  9:52  Spore Crawler  
  91  10:03  Hatchery  
  91  10:04  Extractor, Spore Crawler  
  88  10:14  Hydralisk  
  88  10:15  Hydralisk x12  
  114  10:25  Muscular Augments  
  114  10:37  Spawning Pool  
  108  11:01  Spore Crawler  
  108  11:02  Drone x5, Spore Crawler  
  108  11:03  Drone x3  
  114  11:09  Zerg Ground Armor Level 1, Zerg Missile Weapons Level 1  
  114  11:15  Spore Crawler  
  114  11:16  Spore Crawler  
  114  11:17  Spore Crawler  
  114  11:18  Spore Crawler  
  110  11:19  Drone x8  
  110  11:23  Extractor  
  110  11:24  Queen  
  110  11:25  Extractor  
  118  11:29  Overlord, Grooved Spines  
  118  11:31  Overseer  
  118  12:00  Spore Crawler  
  117  12:01  Spore Crawler  
  117  12:02  Spore Crawler  
  117  12:03  Hydralisk, Spore Crawler  
  117  12:04  Hydralisk x6  
  128  12:18  Overlord x3  
  128  12:19  Overlord  
  128  12:20  Infestation Pit  
  123  12:38  Overseer  
  123  12:40  Hydralisk x4  
  123  12:41  Hydralisk  
  123  12:43  Ravager  
  134  12:44  Ravager  
Show
View Real Time Build Order
Export as new Build Order

Diomedes Terran 

Build Orders:  

Get SALT Encoding   

  12  0:03  SCV  
  13  0:21  Supply Depot  
  13  0:43  Barracks  
  13  0:46  Barracks  
  13  0:52  SCV  
  14  1:06  Supply Depot  
  14  1:07  SCV  
  15  1:23  SCV  
  16  1:30  Supply Depot  
  16  1:31  Marine  
  17  1:40  Marine  
  18  1:49  Bunker, Marine  
  19  1:58  Marine  
  20  2:01  SCV  
  20  2:07  Marine  
  22  2:15  Bunker  
  22  2:16  Marine  
  23  2:25  Marine  
  24  2:34  Marine  
  25  2:42  Marine  
  25  2:52  Marine  
  25  2:54  Orbital Command  
  25  3:00  Marine  
  25  3:01  Refinery  
  26  3:09  Marine  
  27  3:18  Marine  
  26  3:27  Marine  
  26  3:28  SCV  
  26  3:32  Refinery  
  25  3:36  Marine  
  25  3:40  SCV  
  26  3:45  Marine  
  27  3:54  Marine  
  28  4:03  Marine  
  28  4:09  SCV  
  27  4:21  Marine, SCV  
  26  4:38  Marine  
  26  4:43  Factory, SCV  
  28  4:54  Marine  
  28  4:55  SCV  
  28  4:58  Barracks Tech Lab  
  30  5:07  SCV  
  30  5:12  Marine  
  32  5:20  SCV  
  33  5:24  Marauder  
  35  5:35  Factory Tech Lab  
  34  5:37  SCV  
  34  5:38  Starport  
  33  5:44  Supply Depot  
  33  5:46  Marauder, Supply Depot  
  33  5:47  Marine  
  33  5:49  SCV  
  37  5:55  Bunker  
  36  6:08  Marauder  
  36  6:11  Widow Mine  
  41  6:13  SCV  
  41  6:16  Liberator  
  40  6:29  Marauder  
  40  6:32  Siege Tank  
  36  7:04  Siege Tank  
  36  7:06  Liberator  
  40  7:13  Command Center  
  40  7:36  Siege Tank  
  40  7:50  Fusion Core, Engineering Bay  
  40  8:22  Starport Tech Lab  
  40  8:40  SCV  
  41  8:45  Battlecruiser  
  47  8:52  SCV  
  47  8:55  Missile Turret  
  45  9:18  Siege Tank  
  44  9:55  Battlecruiser  
  50  10:29  Planetary Fortress  
  50  10:44  Refinery  
  50  10:47  Refinery  
  47  10:58  Weapon Refit  
  47  11:00  Widow Mine  
  49  11:10  Missile Turret  
  49  11:12  SCV x2  
  51  11:22  Widow Mine  
  51  11:24  SCV x2  
  55  11:35  Supply Depot  
  55  11:36  SCV  
  56  11:43  Battlecruiser, Widow Mine  
  64  11:51  SCV x2  
  66  11:58  Supply Depot  
  64  12:03  SCV x2  
  64  12:04  Siege Tank  
  69  12:14  Missile Turret  
  69  12:15  SCV  
  70  12:21  Supply Depot  
  69  12:36  Siege Tank  
Tags
 
Add a new tag
Caveats
  • Supply blocks, unpowered buildings, or Contaminate may cause inaccurate times.
  • Supply counts are checked every 10 seconds.